Map: Ulrena

Players

ILLBdA - Winner!

  • Race: Protoss Protoss
  • League: Platinum

PoTenTia

  • Race: Terran Terran
  • League: Diamond

VOD

Have the link to the VOD?

Description

Time

  • Played on: Dec. 14, 2015, 6:21 a.m.
  • Length: 3:38
Show
View Real Time Build Order
Export as new Build Order

ILLBdA Protoss - Winner!

Build Orders:  

Get SALT Encoding   

  12  0:00  Probe (Chrono Boost)  
  13  0:11  Probe (Chrono Boost)  
  14  0:19  Pylon  
  14  0:22  Probe (Chrono Boost)  
  15  0:37  Probe (Chrono Boost)  
  15  0:38  Gateway  
  16  0:46  Assimilator  
  16  0:47  Probe (Chrono Boost)  
  17  0:58  Probe (Chrono Boost)  
  17  0:59  Assimilator  
  18  1:08  Probe (Chrono Boost)  
  18  1:09  Gateway  
  19  1:19  Probe (Chrono Boost)  
  20  1:26  Cybernetics Core  
  20  1:29  Probe (Chrono Boost)  
  21  1:34  Pylon  
  21  1:40  Probe (Chrono Boost)  
  22  2:02  Mothership Core (Chrono Boost), Adept  
  22  2:03  Adept  
  28  2:08  Pylon  
  28  2:34  Adept x2  
  28  2:37  Probe (Chrono Boost)  
  33  2:47  Probe (Chrono Boost)  
  34  2:51  Robotics Facility  
  34  2:56  Pylon x2  
  34  3:00  Pylon  
  34  3:05  Pylon  
Show
View Real Time Build Order
Export as new Build Order

PoTenTia Terran 

Build Orders: Command Center First (CC) 

Get SALT Encoding   

  12  0:01  SCV  
  13  0:13  SCV  
  14  0:17  Supply Depot  
  14  0:25  SCV  
  15  0:39  SCV  
  16  0:51  SCV  
  17  1:03  SCV  
  18  1:05  Command Center  
  18  1:15  SCV  
  19  1:19  Barracks  
  19  1:27  SCV  
  19  1:29  Refinery  
  20  1:33  Refinery  
  20  1:39  SCV  
  21  1:58  Supply Depot  
  21  2:05  Orbital Command  
  21  2:17  Factory  
  21  2:22  Orbital Command  
  21  2:31  SCV  
  21  2:33  Barracks Reactor  
  22  2:41  Bunker  
  22  2:43  SCV  
  23  2:49  SCV  
  24  3:01  SCV  
  25  3:10  Marine x2  
  25  3:12  Factory Tech Lab  
  27  3:19  Supply Depot  
  26  3:20  SCV  
  26  3:21  SCV, Barracks  
Tags
 
Add a new tag
Caveats
  • Supply blocks, unpowered buildings, or Contaminate may cause inaccurate times.
  • Supply counts are checked every 10 seconds.